 Dungeon Crawl Stone Soup version 0.31.0-32-g396128a36d (webtiles) character file.

Game seed: 11883417670448333648

88 mmarios the Ruffian (level 4, -6/45 HPs)
             Began as a Troll Berserker on Mar 19, 2024.
             Was a Believer of Trog.
             Killed by divine providence
             ... invoked by an orc priest
              (14 damage)
             ... on level 3 of the Dungeon.
             The game lasted 00:10:15 (525 turns).

mmarios the Ruffian (Troll Berserker)                Turns: 525, Time: 00:10:15

Health: -6/45      AC:  2    Str: 27    XL:     4   Next: 29%
Magic:  3/3        EV: 10    Int:  3    God:    Trog [**....]
Gold:   60         SH:  0    Dex:  9    Spells: 3/3 levels left

rFire   . . .        k - +0 flail
rCold   . . .        (no shield)
rNeg    . . .        (body armour restricted)
rPois   .            (helmet restricted)
rElec   .            (no cloak)
rCorr   .            (gloves unavailable)
SInv    .            (boots unavailable)
Will    .....        (no amulet)
Stlth   +            (no ring)
HPRegen 1.07/turn    (no ring)
MPRegen 0.08/turn

%: no passive effects
@: no status effects
A: large, unfitting armour, claws 3, regeneration 1, shaggy fur 1, tough skin 1
a: Renounce Religion, Berserk, Trog's Hand


You were on level 3 of the Dungeon.
You worshipped Trog.
Trog was pleased with you.
You visited 1 branch of the dungeon, and saw 3 of its levels.

You collected 60 gold pieces.

Inventory:

Hand Weapons
 d - a +0 club
 k - a +0 flail (weapon)
Armour
 a - a +0 animal skin
 i - a +0 chain mail
 j - a +0 leather armour
 l - a +0 ring mail
Jewellery
 g - a ring of protection from cold
Scrolls
 b - a scroll of blinking {unknown}
Potions
 c - a potion of degeneration {unknown}
 e - 3 potions of heal wounds {unknown}
 f - a potion of invisibility {unknown}
 h - 2 potions of lignification {unknown}


   Skills:
 + Level 3.0 Fighting
 + Level 3.1 Dodging
 + Level 3.9 Unarmed Combat


You had 3 spell levels left.
You didn't know any spells.
Your spell library was empty.

Dungeon Overview and Level Annotations

Branches:
Dungeon (3/15)

Altars:


Innate Abilities, Weirdness & Mutations

You are too large for most types of armour.
You have claws for hands.
Your natural rate of healing is unusually fast.
You are covered in fur. (AC +1)
You have tough skin. (AC +1)


Message History

The orc wizard is almost dead.
The orc priest invokes the aid of Beogh against you.
Beogh smites you!
* * * LOW HITPOINT WARNING * * *
The orc wizard hits you with a +0 dagger.
* * * LOW HITPOINT WARNING * * *
The spectral kobold hits you.
* * * LOW HITPOINT WARNING * * *
The orc priest hits you with a +0 dagger.
* * * LOW HITPOINT WARNING * * *
The orc wizard barely misses you.
The orc priest attacks as it pursues you!
The orc priest closely misses you.
You see here 5 stones.
The orc wizard mumbles some strange words.
The orc wizard flickers and vanishes!
Deactivating autopickup; reactivate with Ctrl-A.
You thump the orc priest!
The orc priest is severely wounded.
The orc wizard mumbles some strange words.
The orc wizard flickers and vanishes!
The orc priest attacks as it pursues you!
The orc priest hits you with a +0 dagger.
* * * LOW HITPOINT WARNING * * *
You barely miss the orc priest. Your claw misses the orc priest.
The orc priest is severely wounded.
The orc priest invokes the aid of Beogh against you.
Beogh smites you!
* * * LOW HITPOINT WARNING * * *
The orc priest attacks as it pursues you!
The orc priest misses you.
The orc priest attacks as it pursues you!
The orc priest hits you with a +0 dagger.
* * * LOW HITPOINT WARNING * * *
The orc priest attacks as it pursues you!
The orc priest hits you with a +0 dagger.
* * * LOW HITPOINT WARNING * * *
The orc priest invokes the aid of Beogh against you.
Beogh smites you!
You die...

~##....#.# o~~.....#
#+# ####Z{.## #.#
##.## #.# #(# ##.##
#.# #####...## #.#
##.##.....#
#.#####...##...######
#>..o.o...o.@........
#######...###.#######
##.## #.# ### #.# #.#
#.# #.# #.# #.#


You could see an orc priest and an orc.

Vanquished Creatures
  Ijyb (D:3)
  3 adders (D:2)
  An orc (D:3)
  7 endoplasms
  A giant cockroach (D:3)
  3 goblins
  A hobgoblin (D:2)
  2 jackals (D:2)
  A kobold (D:3)
  2 quokkas
  2 ball pythons
  3 bats (D:2)
  A frilled lizard (D:1)
  5 rats
33 creatures vanquished.

Notes
Turn   | Place    | Note
-------+----------+-------------------------------------------
     0 | D:1      | mmarios the Troll Berserker began the quest for the Orb.
     0 | D:1      | Reached XP level 1. HP: 22/22 MP: 0/0
    84 | D:2      | Reached XP level 2. HP: 20/29 MP: 1/1
   234 | D:2      | Reached XP level 3. HP: 36/36 MP: 2/2
   343 | D:3      | Noticed Ijyb
   357 | D:3      | Killed Ijyb
   358 | D:3      | Reached XP level 4. HP: 18/45 MP: 3/3
   490 | D:3      | Reached ** piety under Trog
   498 | D:3      | Found a faded altar of an unknown god.
   525 | D:3      | Killed from afar by an orc priest

Illustrated notes

Levels and vault maps discovered:
D:1:      minmay_arrival_radiant_lines, layout_rooms, minmay_misc_feat_doors,
          kennysheep_another_room, st_stairs_13
D:2:      layout_rooms
D:3:      layout_loops_corners, mainiacjoe_overflow_alcove_2,
          dreamdust_ecumenical_altar_drowned_temple, uniq_ijyb

Skill      XL: |  1  2  3 |
---------------+----------+-----
Fighting       | 3 |  3.0
Dodging        | 3 |  3.1
Unarmed Combat | |  3.9

Action                     |  1- 3 |  4- 6 || total
---------------------------+-------+-------++-------
  Melee: Unarmed           |    71 |    12 ||    83
         Punch             |     4 |       ||     4
         Flail             |       |     5 ||     5
   Stab: Sleeping          |     1 |     1 ||     2
 Armour: Animal skin       |    53 |       ||    53
         Skin              |       |    12 ||    12
  Dodge: Dodged            |    42 |     9 ||    51
